 Dungeon Sprint DCSS version 0.27.1-34-g3ba077fa99 (webtiles) character file.

Game seed: 2120112527615174753

38 Arum the Shield-Bearer (level 3, -4/32 HPs)
             Began as a Formicid Fighter on Jan 15, 2022.
             Was an Initiate of Okawaru.
             Slain by a shadow (9 damage)
             ... in the Dungeon (Sprint IX: "|||||||||||||||||||||||||||||").
             The game lasted 00:00:43 (350 turns).

Arum the Shield-Bearer (Formicid Fighter)            Turns: 350, Time: 00:00:43

Health: -4/32      AC: 11    Str: 21    XL:     3   Next: 65%
Magic:  3/3        EV:  9    Int:  7    God:    Okawaru [......]
Gold:   0          SH: 10    Dex: 13    Spells: 2/2 levels left

rFire    . . .     SeeInvis +   k - +4 quarterstaff (speed)
rCold    . . .     Faith    .   c - +0 kite shield
rNeg     . . .     Spirit   .   l - +2 ring mail
rPois    .         Reflect  .   (helmet unavailable)
rElec    .         Harm     .   (no cloak)
rCorr    .         Rampage  .   (no gloves)
Will     .....                  a - +0 pair of boots
Stlth    +.........             (no amulet)
HPRegen  0.10/turn              n - +2 ring of protection
MPRegen  0.08/turn              m - +3 ring of dexterity

@: no status effects
A: permanent stasis, dig shafts and tunnels, antennae 3, four strong arms
a: Dig, Renounce Religion


You were in the Dungeon.
You worshipped Okawaru.
Okawaru was noncommittal.
You visited 1 branch

Inventory:

Hand Weapons
 k - a +4 quarterstaff of speed (weapon)
Armour
 a - a +0 pair of boots (worn)
 c - a +0 kite shield (worn)
 l - a +2 ring mail (worn)
Jewellery
 m - a +3 ring of dexterity (right hand)
 n - a +2 ring of protection (left hand)
Wands
 j - a wand of iceblast (10)
Scrolls
 i - 2 scrolls of amnesia
Potions
 d - a potion of might
 e - 5 potions of curing
 f - 3 potions of heal wounds
 g - 4 potions of magic
 h - a potion of invisibility


   Skills:
 + Level 4.8 Fighting
 + Level 3.7 Staves
 + Level 4.8 Armour
 + Level 5.3 Shields


You had 2 spell levels left.
You didn't know any spells.
Your spell library was empty.

Dungeon Overview and Level Annotations

Branches:
Dungeon (1/1)

Altars:
Cheibriados
Dithmenos
Elyvilon
Fedhas
Gozag
Hepliaklqana
Kikubaaqudgha
Makhleb
Nemelex Xobeh
Okawaru
Qazlal
Ru
Sif Muna
Trog
Uskayaw
Vehumet
Wu Jian
Xom
Yredelemnul
Zin
The Shining One
Beogh
Jiyva
Lugonu


Innate Abilities, Weirdness & Mutations

You cannot be hasted, slowed, berserked, paralysed or teleported.
You can dig through walls and to a lower floor.
You have a pair of large antennae on your head. (SInv)
Your four strong arms can wield two-handed weapons with a shield.


Message History

You sock the shadow!
The shadow is heavily damaged.
You hit the shadow but do no damage.
The shadow is heavily damaged.
The shadow barely misses you.
You hit the shadow.
The shadow is severely damaged.
The shadow hits you.
Your shield prevents you from hitting the shadow.
The shadow is severely damaged.
The shadow hits you.
You closely miss the shadow.
The shadow is severely damaged.
The shadow hits you!
You hit the shadow but do no damage.
The shadow is severely damaged.
The shadow hits you!
You hit the shadow.
The shadow is almost destroyed.
The shadow barely misses you.
You closely miss the shadow.
The shadow is almost destroyed.
The shadow slips into darkness.
The shadow flickers and vanishes for a moment.
You hit the shadow but do no damage.
The shadow is almost destroyed.
You closely miss the shadow.
The shadow is almost destroyed.
The shadow hits you.
You hit the shadow but do no damage.
The shadow is almost destroyed.
The shadow barely misses you.
You completely miss the shadow.
The shadow is almost destroyed.
The shadow hits you!
* * * LOW HITPOINT WARNING * * *
You hit the shadow but do no damage.
The shadow is almost destroyed.
The shadow hits you!
You die... ▓▓▓▓▓▓▓▓▓▓▓▓▓▓▓▓▓▓▓▓▓▓▓▓ _______'.?).[...@Wg9TZZ. ▓▓▓▓▓▓▓▓▓▓▓▓▓▓▓▓▓▓▓▓▓▓▓▓ {{{{{{{ {{{{{{{{

You could see a troll, a gargoyle, a shadow, a gnoll shaman, a bat zombie and an adder zombie.

Vanquished Creatures
  An iguana (D)
  A dart slug (D)
  An orc (D)
  A bat zombie (D)
  An endoplasm (D)
  A giant cockroach (D)
  A goblin (D)
  A quokka (D)
  A giant cockroach zombie (D)
  A jackal zombie (D)
10 creatures vanquished.

Notes
Turn   | Place    | Note
-------+----------+-------------------------------------------
     0 | D        | Arum the Formicid Fighter began the quest for the Orb.
     0 | D        | Reached XP level 1. HP: 18/18 MP: 1/1
     9 | D        | Reached skill level 4 in Shields
    17 | D        | Reached XP level 2. HP: 21/25 MP: 2/2
   138 | D        | Reached skill level 5 in Shields
   138 | D        | Reached XP level 3. HP: 21/31 MP: 3/3
   271 | D        | Found a snail-covered altar of Cheibriados.
   271 | D        | Found a shadowy altar of Dithmenos.
   271 | D        | Found a white marble altar of Elyvilon.
   271 | D        | Found a blossoming altar of Fedhas.
   271 | D        | Found an opulent altar of Gozag.
   272 | D        | Found a hazy altar of Hepliaklqana.
   273 | D        | Found a viscous altar of Jiyva.
   274 | D        | Found an ancient bone altar of Kikubaaqudgha.
   275 | D        | Found a corrupted altar of Lugonu.
   276 | D        | Found a burning altar of Makhleb.
   277 | D        | Found a sparkling altar of Nemelex Xobeh.
   278 | D        | Found an iron altar of Okawaru.
   279 | D        | Found a stormy altar of Qazlal.
   280 | D        | Found a sacrificial altar of Ru.
   281 | D        | Found a shimmering blue altar of Sif Muna.
   282 | D        | Found a bloodstained altar of Trog.
   283 | D        | Found a hide-covered altar of Uskayaw.
   284 | D        | Found a radiant altar of Vehumet.
   285 | D        | Found an ornate altar of the Wu Jian Council.
   286 | D        | Became a worshipper of Warmaster Okawaru
   287 | D        | Found a shimmering altar of Xom.
   288 | D        | Found a basalt altar of Yredelemnul.
   289 | D        | Found a glowing silver altar of Zin.
   290 | D        | Found a glowing golden altar of the Shining One.
   298 | D        | Found the +7 captain's cutlass {speed, disarm}
   337 | D        | Noticed a shadow
   337 | D        | Noticed a gargoyle
   337 | D        | Noticed a troll
   350 | D        | Slain by a shadow

Illustrated notes

Levels and vault maps discovered:
D:        linesprint [early_d, line_temple, items_1, d_10, items_2, lair_1,
          lair_end, items_3, orc_1, orc_end, items_4, d_15, swamp_1, shoals_1,
          snake_1, spider_1, d_20, vaults_1, items_5, swamp_end, shoals_end,
          snake_end, spider_end, vaults_end, d_27, items_6, zot_1, zot_end,
          crypt_end, forest_end, elf_end, slime_end, tomb_end, abyss_end,
          pan_hell_end]

Skill      XL: |  1  2 |
---------------+-------+-----
Shields        | 4 5 |  5.3
Armour         | 4 |  4.8
Fighting       | 4 |  4.8
Staves         | 3 |  3.7

Action                   || total
-------------------------++-------
Melee: Quarterstaff      ||    47
 Abil: Dig               ||     1
Armor: Scale mail        ||    14
       Ring mail         ||     2
Dodge: Dodged            ||    12
Block: Kite shield       ||    15
